Map: Winter's Gate LE

Players

pHARM

  • Race: Zerg Zerg
  • League: Platinum
  • Spawn Location: 11:00

TRod - Winner!

  • Race: Protoss Protoss
  • League: Platinum
  • Spawn Location: 5:00

VOD

Have the link to the VOD?

Description

Time

  • Played on: Oct. 6, 2019, 12:24 a.m.
  • Length: 6:44
Show
View Real Time Build Order
Export as new Build Order

pHARM Zerg 

Build Orders: Hatch First 

Get SALT Encoding   

  12  0:01  Drone  
  13  0:15  Overlord  
  13  0:21  Drone  
  14  0:33  Drone x2  
  16  0:50  Hatchery  
  16  0:56  Drone x2  
  17  1:20  Spawning Pool  
  16  1:48  Extractor  
  16  1:51  Extractor  
  15  2:05  Hatchery  
  14  2:12  Spine Crawler  
  14  2:13  Spine Crawler  
  12  2:16  Drone x3, Spine Crawler  
  12  2:17  Queen  
  16  2:35  Drone  
  17  2:43  Drone  
  16  2:59  Drone  
  16  3:00  Drone  
  18  3:30  Drone x4  
  18  3:31  Roach Warren  
  21  3:49  Drone  
  21  3:54  Queen  
  24  4:10  Overlord x2, Roach x2  
  24  4:14  Overlord  
  24  4:15  Overlord  
  28  4:33  Ravager x2  
  30  4:41  Roach x4  
  38  4:51  Roach x2  
  43  5:07  Ravager x4  
  29  5:48  Roach x6  
  41  6:17  Ravager  
  37  6:28  Ravager  
Show
View Real Time Build Order
Export as new Build Order

TRod Protoss - Winner!

Build Orders: Cannon Rush 

Get SALT Encoding   

  12  0:02  Probe (Chrono Boost)  
  14  0:14  Probe (Chrono Boost)  
  14  0:19  Pylon  
  14  0:20  Probe (Chrono Boost)  
  15  0:37  Probe  
  15  0:39  Forge  
  16  0:49  Probe  
  17  0:55  Pylon  
  17  1:14  Photon Cannon  
  17  1:15  Gateway  
  17  1:20  Pylon  
  17  1:27  Pylon  
  17  1:46  Photon Cannon  
  17  1:50  Photon Cannon  
  17  2:01  Photon Cannon  
  17  2:03  Zealot  
  19  2:12  Cybernetics Core  
  19  2:19  Assimilator  
  19  2:21  Probe  
  20  2:33  Probe  
  20  2:35  Pylon  
  21  2:45  Probe  
  20  3:07  Photon Cannon  
  20  3:09  Photon Cannon  
  20  3:10  Photon Cannon  
  20  3:19  Photon Cannon  
  20  3:32  Shield Battery  
  20  3:34  Shield Battery  
  20  3:44  Shield Battery  
  20  3:52  Robotics Facility  
  20  3:56  Assimilator  
  20  3:57  Probe  
  21  4:09  Probe  
  22  4:19  Shield Battery  
  22  4:20  Photon Cannon  
  22  4:22  Probe  
  23  4:37  Robotics Facility  
  23  4:44  Immortal (Chrono Boost)  
  27  5:01  Shield Battery  
  27  5:08  Pylon  
  27  5:10  Shield Battery  
  27  5:31  Immortal  
  31  5:49  Immortal  
Tags
 
Add a new tag
Caveats
  • Supply blocks, unpowered buildings, or Contaminate may cause inaccurate times.
  • Supply counts are checked every 10 seconds.